 Dungeon Crawl Stone Soup version 0.17-a0-1078-g243345b (webtiles) character file.

4256 TheEv the Grappler (level 10, -11/124 HPs)
             Began as a Troll Transmuter on May 19, 2015.
             Was an Elder of Cheibriados (penitent).
             Killed from afar by Maurice (19 damage)
             ... with a wand of draining
             ... on level 9 of the Dungeon.
             The game lasted 00:17:13 (6994 turns).

TheEv the Grappler (Troll Transmuter)               Turns: 6994, Time: 00:17:13

Health: -11/124    AC:  6    Str: 25    XL:     10   Next: 10%
Magic:  10/10      EV: 10    Int: 14    God:    Cheibriados [*]
Gold:   504        SH:  0    Dex: 10    Spells: 1 memorised, 10 levels left

rFire  . . .     SeeInvis .       - Unarmed
rCold  . . .     Clarity  +     b - +0 robe
rNeg   . . .     SustAb   +     (no shield)
rPois  .         Gourm    +     (helmet restricted)
rElec  .         Spirit   .     t - +0 cloak
rCorr  .         Warding  .     (gloves unavailable)
rMut   .         Stasis   .     (boots unavailable)
MR     .....                    r - amulet of clarity
Stlth  ..........               C - +2 ring of intelligence
                                N - ring of sustain abilities

@: berserking, heavily drained, very slow, not resistant to hostile
enchantments, extremely unstealthy
A: unfitting armour, claws 3, fast metabolism 3, gourmand, regeneration 2,
shaggy fur 1, tough skin 2
a: Renounce Religion


You were on level 9 of the Dungeon.
You worshipped Cheibriados.
Cheibriados was demanding penance.
You were not hungry.

You visited 2 branches of the dungeon, and saw 10 of its levels.
You also visited: Ossuary.

You collected 504 gold pieces.

Inventory:

Hand weapons
 w - a +1 blowgun
Missiles
 a - 209 arrows
 o - 18 poisoned arrows
 x - 20 poisoned needles
 H - 5 javelins (quivered)
 Q - 18 arrows of flame
Armour
 b - a +0 robe (worn)
 t - a +0 cloak (worn)
Jewellery
 p - an uncursed ring of teleportation
 r - an amulet of clarity (around neck)
 C - a +2 ring of intelligence (right claw)
 N - a ring of sustain abilities (left claw)
 U - an uncursed amulet of regeneration {unknown}
Magical devices
 y - a wand of magic darts (30)
 B - a wand of fireball (15)
 O - a wand of slowing (26)
 P - a wand of slowing (35)
Scrolls
 e - 2 scrolls of enchant weapon
 i - a scroll of identify
 k - a scroll of fog {unknown}
 l - 3 scrolls of noise
 n - 2 scrolls of remove curse
 q - 2 scrolls of random uselessness {unknown}
 s - a scroll of magic mapping
 A - a scroll of amnesia
 E - a scroll of recharging
 F - a scroll of blinking {unknown}
 R - a scroll of vulnerability {unknown}
Potions
 f - 6 potions of curing
 h - 2 potions of degeneration
 j - 4 potions of flight
 m - a potion of invisibility
 z - 3 potions of cancellation
 I - a potion of haste {unknown}
 J - 2 potions of cure mutation
 K - a potion of brilliance
 L - a potion of resistance {unknown}
 M - 2 potions of agility
 S - 2 potions of heal wounds {unknown}
 T - a potion of poison {unknown}
Comestibles
 d - 9 bread rations
 g - 4 meat rations
 u - 2 beef jerkies
 V - 4 chunks of flesh


   Skills:
 - Level 0.7(0.0) Fighting
 + Level 5.3(3.1) Dodging
 + Level 13.2(10.6) Unarmed Combat
 - Level 1.2(0.0) Spellcasting
 - Level 1.3(0.0) Transmutations


You had 10 spell levels left.
You knew the following spells:

 Your Spells              Type           Power        Failure   Level  Hunger
a - Beastly Appendage     Trmt           #.....       30%         1    ##.....


Dungeon Overview and Level Annotations

Branches:
Dungeon (9/15)             Temple (1/1) D:4
   Lair: D:8-11         Orc: D:9-12

Altars:
Ashenzari
Cheibriados
Dithmenos
Gozag
Kikubaaqudgha
Makhleb
Nemelex Xobeh
Qazlal
Ru
Sif Muna
Xom
Zin
The Shining One

Shops:
D:6 %

Annotations:
D:9 Maurice


Innate Abilities, Weirdness & Mutations

You are too large for most types of armour.
You have claws for hands.
Your metabolism is lightning-fast.
You like to eat raw meat.
You heal very quickly.
You are covered in fur (AC +1).
You have very tough skin (AC +2).


Message History

The bolt of negative energy hits you!
You feel drained.
* * * LOW HITPOINT WARNING * * *
Drink which item? (? for menu, Esc to quit)
A red film seems to cover your vision as you go berserk!
Cheibriados thinks you should slow down.
You feel very guilty.
You can no longer step out of the time flow.
Cheibriados reduces the support of your attributes as your movement quickens. "You will pay for your transgression, mortal!"
Cheibriados forces you to slow down.
You feel mighty!
You hear a zap.
A bolt of negative energy appears from out of thin air!
The bolt of negative energy misses you.
You closely miss something. Your claw misses something. You miss something.
You hear a zap.
A bolt of negative energy appears from out of thin air!
The bolt of negative energy hits you!
You feel drained.
You die...

######## .......#
...#### .......#
..+..# .......#
..#..# .......#
.... ############
#... # #....# #..##
# #....# #.{.#
#######....# #.@.#
...<.......#####..#
.......#'###..##..#
.......+..........#
.......#..........#
.......#..........#
.......#..........#
.......+..........#
.......#+####+###+#


There were no monsters in sight!

Vanquished Creatures
  Pikel (D:7)
  Joseph (D:7)
  Prince Ribbit (D:9)
  A wyvern (D:8)
  2 sky beasts
  2 orc warriors
  2 slaves
  A phantom (D:6)
  A centaur (D:8)
  An eye of draining (D:8)
  A necrophage (D:8)
  4 ogres
  A big kobold (D:8)
  A giant frog (D:7)
  An elf zombie (Ossuary)
  5 scorpions
  9 wights
  A crimson imp (D:5)
  A human zombie (Ossuary)
  A jelly (D:9)
  6 hounds
  4 orc wizards
  A centaur skeleton (D:7)
  A gnoll shaman (D:6)
  2 orc priests
  3 giant frog skeletons
  Jessica (D:3)
  3 iguanas
  2 worker ants
  A killer bee zombie (D:7)
  A big kobold zombie (Ossuary)
  4 hound zombies
  5 mummies
  10 adders
  6 gnolls
  A shadow imp (D:9)
  2 adder skeletons
  2 adder zombies
  6 worms
  5 giant geckos
  14 orcs
  9 bats
  2 bat skeletons
  3 bat zombies
  5 giant cockroaches
  A gnoll zombie (Ossuary)
  12 hobgoblins
  20 jackals
  6 quokkas
  2 giant gecko skeletons
  6 giant newts
  10 goblins
  3 goblin zombies
  A jackal skeleton (D:6)
  10 kobolds
  A kobold zombie (Ossuary)
  8 rats
217 creatures vanquished.

Vanquished Creatures (others)
  A worker ant (D:7)
  A gnoll zombie (Ossuary)
  A hobgoblin zombie (Ossuary)
  An orc zombie (Ossuary)
  A rat zombie (Ossuary)
5 creatures vanquished.

Grand Total: 222 creatures vanquished

Notes
Turn   | Place    | Note
--------------------------------------------------------------
     0 | D:1      | TheEv the Troll Transmuter began the quest for the Orb.
     0 | D:1      | Reached XP level 1. HP: 18/18 MP: 1/1
   191 | D:1      | Reached XP level 2. HP: 26/26 MP: 2/2
   570 | D:2      | Reached skill level 4 in Unarmed Combat
   571 | D:2      | Reached XP level 3. HP: 12/32 MP: 3/3
  1303 | D:3      | Reached skill level 5 in Unarmed Combat
  1303 | D:3      | Reached XP level 4. HP: 26/40 MP: 4/4
  1459 | D:3      | Noticed Jessica
  1465 | D:3      | Killed Jessica
  1611 | D:3      | Reached XP level 5. HP: 46/46 MP: 5/5
  1618 | D:3      | Noticed a scorpion
  1628 | D:3      | Killed a scorpion
  1628 | D:3      | Reached skill level 6 in Unarmed Combat
  2051 | D:4      | Reached skill level 7 in Unarmed Combat
  2051 | D:4      | Reached XP level 6. HP: 30/54 MP: 6/6
  2134 | D:4      | Noticed an ogre
  2386 | D:4      | Found a staircase to the Ecumenical Temple.
  2400 | Temple   | Entered the Ecumenical Temple
  2408 | Temple   | Became a worshipper of Cheibriados the Contemplative
  2435 | D:4      | Noticed an ogre
  2447 | D:4      | Reached skill level 8 in Unarmed Combat
  2447 | D:4      | Reached XP level 7. HP: 47/61 MP: 7/7
  2451 | D:4      | Killed an ogre
  2591 | D:4      | Noticed an ogre
  2599 | D:4      | Killed an ogre
  2700 | D:4      | Killed an ogre
  2700 | D:4      | Reached skill level 9 in Unarmed Combat
  2750 | D:5      | Entered Level 5 of the Dungeon
  2862 | D:5      | Acquired Cheibriados's first power
  2922 | D:5      | Reached XP level 8. HP: 68/68 MP: 8/8
  3026 | D:5      | Found a shadowy altar of Dithmenos.
  3036 | D:5      | Found a stormy altar of Qazlal.
  3074 | D:5      | Reached skill level 10 in Unarmed Combat
  3110 | D:5      | Found a shattered altar of Ashenzari.
  3417 | D:5      | You fall through a shaft for 3 floors!
  3452 | D:8      | Found a sand-covered staircase.
  3458 | Ossuary  | Entered an ossuary
  3857 | D:8      | Reached skill level 11 in Unarmed Combat
  3908 | D:7      | Noticed Pikel
  4006 | D:7      | Noticed Joseph
  4020 | D:7      | Killed Joseph
  4020 | D:7      | Acquired Cheibriados's second power
  4020 | D:7      | Reached skill level 12 in Unarmed Combat
  4020 | D:7      | Reached XP level 9. HP: 39/75 MP: 9/9
  4104 | D:7      | Found a glowing golden altar of the Shining One.
  4225 | D:7      | Killed Pikel
  4998 | D:5      | Acquired Cheibriados's third power
  5127 | D:6      | Found Tosmoyxu's Food Boutique.
  5239 | D:6      | Found a sparkling altar of Nemelex Xobeh.
  6223 | D:8      | Found an opulent altar of Gozag.
  6415 | D:8      | Reached skill level 13 in Unarmed Combat
  6755 | D:9      | Reached skill level 5 in Dodging
  6829 | D:9      | Reached XP level 10. HP: 76/83 MP: 10/10
  6838 | D:9      | Noticed Prince Ribbit
  6845 | D:9      | Killed Prince Ribbit
  6900 | D:9      | Acquired Cheibriados's fourth power
  6978 | D:9      | Noticed Maurice
  6992 | D:9      | Was placed under penance by Cheibriados
  6994 | D:9      | Killed from afar by Maurice

Vault maps used:
D:1:      minmay_arrival_stair_chambers
D:2:      amethyst_killhole
D:3:      first_bread, uniq_jessica
D:4:      minmay_temple_entry_statues_fountains
D:5:      minitemple, basic_altar, hangedman_decor_slide_cut, minivault_25,
          grunt_decor_clamped
D:6:      old_standard_altar, serial_shops, shop_statue
D:7:      tso_oasis_becter, uniq_joseph, uniq_pikel
D:8:      kennysheep_little_box, nicolae_ossuary_entry_giza
D:9:      lemuel_coloured_pillars_altar, nicolae_overflow_crystal_walls,
          uniq_maurice, uniq_prince_ribbit1
Temple:   circular_temple_12
Ossuary:  ossuary_minmay_tomb_2a

Action                   |  1- 3 |  4- 6 |  7- 9 | 10-12 || total
-------------------------+-------+-------+-------+-------++-------
Melee: Unarmed           |    96 |   107 |   361 |    35 ||   599
 Fire: Blowgun           |       |     5 |     4 |       ||     9
Throw: Throwing net      |       |       |     1 |       ||     1
  Use: Scroll            |       |       |    19 |       ||    19
       Potion            |       |       |       |     1 ||     1
 Stab: Sleeping          |     2 |     2 |       |       ||     4
       Held in net/web   |       |       |     1 |       ||     1
       Distracted        |       |       |     1 |       ||     1
  Eat: Chunk             |    11 |    12 |    25 |     2 ||    50
